 Dungeon Crawl Stone Soup version 0.28-a0-1190-g77e1c55843 (webtiles) character file.

Game seed: 7376768224460807266

331 emperorscorpion the Chopper (level 6, 0/45 (53) HPs)
             Began as a Gnoll Chaos Knight on Dec 18, 2021.
             Was a Plaything of Xom.
             Frozen to death by an endoplasm (1 damage)
             ... on level 4 of the Dungeon.
             The game lasted 00:05:40 (2752 turns).

emperorscorpion the Chopper (Gnoll Chaos Knight)    Turns: 2752, Time: 00:05:42

HP:   0/45 (53)     AC: 10    Str: 12    XL:     6   Next: 52%
MP:   9/9           EV:  7    Int: 11    God:    Xom [...*..]
Gold: 73            SH:  8    Dex: 13    Spells: 9/9 levels left

rFire   + . .      SeeInvis .   a - +0 hand axe (chaos)
rCold   . . .      Faith    .   r - +0 kite shield
rNeg    . . .      Spirit   .   q - +2 scale mail {Will+}
rPois   +          Reflect  .   (no helmet)
rElec   .          Harm     .   (no cloak)
rCorr   +          Rampage  .   g - +0 pair of gloves
Will    ++...                   (no boots)
Stlth   +.........              (no amulet)
HPRegen 0.15/turn               n - ring of resist corrosion
MPRegen 0.11/turn               p - ring of protection from fire

@: heavily drained
A: fangs 1, strong nose, distributed training, strong-willed 1, poison
resistance, wild magic 1
a: Renounce Religion


You were on level 4 of the Dungeon.
You worshipped Xom.
You were a favourite toy of Xom.
You visited 1 branch of the dungeon, and saw 4 of its levels.

You collected 73 gold pieces.

Inventory:

Hand Weapons
 a - a +0 hand axe of chaos (weapon)
 b - a +0 hunting sling
 j - a +1 scythe of distortion
 t - a +2 vorpal great sword
Missiles
 c - 16 poisoned darts (quivered)
 e - 36 bolts
 h - 21 sling bullets
 i - 88 stones
Armour
 g - a +0 pair of gloves (worn)
 q - a +2 scale mail of willpower (worn)
 r - a +0 kite shield (worn)
 s - a +2 leather armour
Jewellery
 n - a ring of resist corrosion (left hand)
 p - a ring of protection from fire (right hand)
Scrolls
 m - a scroll of silence
Potions
 d - a potion of mutation {unknown}
 f - a potion of lignification {unknown}
 k - a potion of heal wounds {unknown}
 l - 2 potions of might {unknown}
 o - 2 potions of flight {unknown}


   Skills:
 + Level 6.8 Fighting
 + Level 2.0 Short Blades
 + Level 2.0 Long Blades
 + Level 6.8 Axes
 + Level 2.0 Maces & Flails
 + Level 2.0 Polearms
 + Level 2.0 Staves
 + Level 2.0 Slings
 + Level 2.0 Bows
 + Level 2.0 Crossbows
 + Level 2.0 Throwing
 + Level 5.0 Armour
 + Level 3.2 Dodging
 + Level 2.0 Stealth
 + Level 2.0 Shields
 + Level 2.0 Unarmed Combat
 + Level 2.0 Spellcasting
 + Level 1.5 Conjurations
 + Level 1.5 Hexes
 + Level 1.5 Summonings
 + Level 1.5 Necromancy
 + Level 1.5 Translocations
 + Level 1.5 Transmutations
 + Level 1.5 Fire Magic
 + Level 1.5 Ice Magic
 + Level 1.5 Air Magic
 + Level 1.5 Earth Magic
 + Level 1.5 Poison Magic
 + Level 2.2 Invocations
 + Level 2.0 Evocations


You had 9 spell levels left.
You didn't know any spells.
Your spell library contained the following spells:

 Spells                   Type           Power      Damage    Failure   Level
 Passwall                 Tmut/Erth      4%         N/A       100%        2
 Swiftness                Air            5%         N/A       100%        3


Dungeon Overview and Level Annotations

Branches:
Dungeon (4/15)
 Temple: D:4-7

Altars:


Innate Abilities, Weirdness & Mutations

You have very sharp teeth.
Your uncanny sense of smell can sniff out nearby items.
Your experience applies equally to all skills.
You are strong-willed. (Will+)
Your system is resistant to poisons. (rPois)
Your spells are a little harder to cast, but a little more powerful.


Message History

You bite the iguana, but do no damage.
The iguana is moderately wounded.
The iguana closely misses you.
You hit the iguana but do no damage.
The iguana seems to grow stronger.
The iguana is moderately wounded.
The iguana bites you!
You closely miss the iguana.
The iguana is heavily wounded.
The adder seems less confused.
The iguana bites you!!
* * * LOW HITPOINT WARNING * * *
You are too injured to fight recklessly!
You are too injured to fight recklessly!
Okay, then.
Press: ? - help, v - describe, . - travel
Here: an iguana (heavily wounded, strong, very poisoned)
The floor.
Unknown command.
You hit the iguana but do no damage.
The iguana is heavily wounded.
The iguana bites you.
* * * LOW HITPOINT WARNING * * *
The adder bites you.
* * * LOW HITPOINT WARNING * * *
The iguana bites you.
* * * LOW HITPOINT WARNING * * *
You hit the iguana.
The iguana resists with some effort.
You bite the iguana, but do no damage.
The iguana is heavily wounded.
You closely miss the adder. You hit the endoplasm. You freeze the endoplasm.
The adder barely misses you. The endoplasm hits you.
* * * LOW HITPOINT WARNING * * *
You block the iguana's attack.
You hit the iguana but do no damage. You drain the iguana.
The iguana is severely wounded.
You barely miss the endoplasm. You hit the adder. You drain the adder.
You kill the adder!
You kill the iguana!
The endoplasm freezes you.
You are frozen.
You die... "It's all fun and games until someone loses an eye."

(. ## ..##. ....
...... ...$
...... .....
......#####....$
........#.......
................
.......<†.r.....
....#...@.......
. ##.J........
.............
#.............
###.....#.#.#.
#........ .. ∆
......#.#. .
........ ..


You could see an endoplasm and a quokka (confused).

Vanquished Creatures
  Sigmund (D:2)
  An iguana (D:4)
  Natasha (twice) (D:3)
  Robin (D:2)
  3 gnolls (D:2)
  3 adders
  A worm (D:2)
  An orc (D:3)
  An endoplasm (D:3)
  3 giant cockroaches
  15 goblins
  6 hobgoblins
  6 kobolds
  2 quokkas (D:2)
  7 ball pythons
  3 bats
  A frilled lizard (D:1)
  A rat (D:3)
58 creatures vanquished.

Notes
Turn   | Place    | Note
-------+----------+-------------------------------------------
     0 | D:1      | emperorscorpion the Gnoll Chaos Knight began the quest for
                  | the Orb.
     0 | D:1      | Reached XP level 1. HP: 23/23 MP: 1/1
   176 | D:1      | XOM: divination: detect creatures
   347 | D:1      | Reached XP level 2. HP: 29/29 MP: 2/2
   740 | D:1      | XOM: silly message
   768 | D:2      | Noticed Robin
   774 | D:2      | XOM: potion effect (might)
   864 | D:2      | Killed Robin
   865 | D:2      | Reached XP level 3. HP: 31/35 MP: 2/4
   870 | D:2      | Reached skill level 1 in Invocations
   947 | D:2      | Noticed Sigmund
   947 | D:2      | XOM: potion effect (brilliance)
   950 | D:2      | XOM: potion effect (invisibility)
   955 | D:2      | Killed Sigmund
   956 | D:2      | Reached skill level 1 in Short Blades
   956 | D:2      | Reached skill level 1 in Long Blades
   956 | D:2      | Reached skill level 1 in Maces & Flails
   956 | D:2      | Reached skill level 1 in Polearms
   956 | D:2      | Reached skill level 1 in Staves
   956 | D:2      | Reached skill level 1 in Slings
   956 | D:2      | Reached skill level 1 in Bows
   956 | D:2      | Reached skill level 1 in Crossbows
   956 | D:2      | Reached skill level 1 in Throwing
   956 | D:2      | Reached skill level 1 in Stealth
   956 | D:2      | Reached skill level 1 in Shields
   956 | D:2      | Reached skill level 1 in Unarmed Combat
   956 | D:2      | Reached skill level 1 in Spellcasting
   956 | D:2      | Reached skill level 1 in Conjurations
   956 | D:2      | Reached skill level 1 in Hexes
   956 | D:2      | Reached skill level 1 in Summonings
   956 | D:2      | Reached skill level 1 in Necromancy
   956 | D:2      | Reached skill level 1 in Translocations
   956 | D:2      | Reached skill level 1 in Transmutations
   956 | D:2      | Reached skill level 1 in Fire Magic
   956 | D:2      | Reached skill level 1 in Ice Magic
   956 | D:2      | Reached skill level 1 in Air Magic
   956 | D:2      | Reached skill level 1 in Earth Magic
   956 | D:2      | Reached skill level 1 in Poison Magic
   956 | D:2      | Reached skill level 1 in Evocations
   956 | D:2      | Reached XP level 4. HP: 22/41 MP: 4/6
   956 | D:2      | Reached XP level 5. HP: 25/47 MP: 4/7
   958 | D:2      | XOM: silly message
   966 | D:2      | Reached XP level 6. HP: 35/53 MP: 5/8
  1322 | D:2      | XOM: cloud trail
  1368 | D:2      | XOM: silly message
  1443 | D:2      | Found a faded altar of an unknown god.
  1840 | D:3      | Noticed Natasha
  1848 | D:3      | Killed Natasha
  2045 | D:3      | XOM: cloud trail
  2210 | D:3      | Reached skill level 5 in Armour
  2384 | D:3      | XOM: 2-stop teleportation journey
  2446 | D:3      | XOM: give mutations
  2446 | D:3      | Gained mutation: Your spells are a little harder to cast,
                  | but a little more powerful. [Xom's grace]
  2446 | D:3      | Gained mutation: You are strong-willed. (Will+) [Xom's
                  | grace]
  2446 | D:3      | Gained mutation: Your system is resistant to poisons.
                  | (rPois) [Xom's grace]
  2489 | D:3      | Noticed Natasha
  2513 | D:3      | Killed Natasha
  2652 | D:3      | XOM: draining
  2737 | D:4      | XOM: confuse monster(s)
  2750 | D:4      | HP: 2/45 [iguana (3)]
  2752 | D:4      | Frozen to death by an endoplasm

Illustrated notes

Levels and vault maps discovered:
D:1:      dpeg_arrival_brainrot, layout_loops_ring, roderic_serpentine_path
D:2:      layout_rooms, shapermc_ecumenical_altar_mp_highgroup, serial_rivers,
          chequers_serial_rivers_micro_c, chequers_serial_rivers_micro_e,
          chequers_serial_rivers_micro_a, chequers_serial_rivers_small_a,
          chequers_serial_rivers_micro_a, chequers_serial_rivers_room_a,
          grunt_decor_fettered, serial_bayou_pond_e,
          nicolae_concentric_dashed_squares_wild, minivault_4,
          minmay_misc_feat_chi, uniq_sigmund, uniq_robin
D:3:      layout_loops_ring, uniq_natasha
D:4:      layout_cave_pools, grunt_temple_overflow_lords_of_destruction,
          st_stairs_10

Skill      XL: |  1  2  3  4  5  6 |
---------------+-------------------+-----
Invocations    | 1 2 |  2.2
Short Blades   | 1 2 |  2.0
Long Blades    | 1 2 |  2.0
Maces & Flails | 1 2 |  2.0
Polearms       | 1 2 |  2.0
Staves         | 1 2 |  2.0
Slings         | 1 2 |  2.0
Bows           | 1 2 |  2.0
Crossbows      | 1 2 |  2.0
Throwing       | 1 2 |  2.0
Dodging        | 3 |  3.2
Stealth        | 1 2 |  2.0
Shields        | 1 2 |  2.0
Unarmed Combat | 1 2 |  2.0
Spellcasting   | 1 2 |  2.0
Conjurations   | 1 |  1.5
Hexes          | 1 |  1.5
Summonings     | 1 |  1.5
Necromancy     | 1 |  1.5
Translocations | 1 |  1.5
Transmutations | 1 |  1.5
Fire Magic     | 1 |  1.5
Ice Magic      | 1 |  1.5
Air Magic      | 1 |  1.5
Earth Magic    | 1 |  1.5
Poison Magic   | 1 |  1.5
Evocations     | 1 2 |  2.0
Armour         | 5 |  5.0
Fighting       | |  6.8
Axes           | |  6.8

Action                   |  1- 3 |  4- 6 || total
-------------------------+-------+-------++-------
Melee: Hand axe          |    70 |   135 ||   205
       Bite              |     1 |    15 ||    16
 Fire: Hunting sling     |       |     8 ||     8
Throw: Dart              |     3 |     3 ||     6
  Use: Scroll            |       |     3 ||     3
 Stab: Invisible         |     1 |     3 ||     4
       Sleeping          |       |     2 ||     2
Armor: Leather armour    |    38 |    28 ||    66
       Scale mail        |       |    27 ||    27
Dodge: Dodged            |    59 |    53 ||   112
Block: Kite shield       |       |    15 ||    15

Table legend: (Time is in decaauts)
 A = Elapsed time spent in this place.
 B = Non-inter-level travel time spent in this place.
 C = Inter-level travel time spent in this place.
 D = Time resting spent in this place.
 E = Time spent auto-exploring this place.
 F = Levels seen in this place.
 G = Mean time per level.
                   A        B        C        D        E       F      G
               +--------+--------+--------+--------+--------+-----+--------+
         Total |   2764 |   2651 |    113 |     78 |   2033 |   4 |  691.0 |
       Dungeon |   2764 |   2651 |    113 |     78 |   2033 |   4 |  691.0 |
               +--------+--------+--------+--------+--------+-----+--------+

Top non-repeatable levels by time:
     D:2: 950 daAuts
     D:3: 944 daAuts
     D:1: 847 daAuts
     D:4: 21 daAuts
